Map: Lost and Found LE

Players

TakeMyHand

  • Race: Terran Terran
  • League: Master
  • Spawn Location: 1:00

IIIIIIIIIIII - Winner!

  • Race: Protoss Protoss
  • League: Grandmaster
  • Spawn Location: 7:00

VOD

Have the link to the VOD?

Description

Time

  • Played on: May 28, 2018, 7:18 a.m.
  • Length: 8:31
Show
View Real Time Build Order
Export as new Build Order

TakeMyHand Terran 

Build Orders: MMM Bio 

Get SALT Encoding   

  12  0:00  SCV  
  13  0:12  SCV  
  14  0:17  Supply Depot  
  14  0:24  SCV  
  15  0:39  SCV  
  15  0:40  Barracks  
  16  0:51  SCV  
  17  1:03  SCV  
  18  1:15  SCV  
  19  1:18  Command Center  
  19  1:27  Marine  
  19  1:30  Supply Depot  
  20  1:35  Orbital Command  
  20  1:45  Marine  
  21  2:04  Bunker  
  21  2:07  SCV  
  22  2:14  Marine  
  23  2:20  Refinery  
  23  2:22  Refinery, Barracks  
  23  2:24  Barracks, SCV  
  24  2:31  Orbital Command  
  24  2:36  Marine  
  25  2:46  SCV  
  25  2:50  Orbital Command  
  26  2:54  Marine  
  27  3:00  SCV  
  28  3:10  Barracks Tech Lab  
  28  3:11  Marine  
  28  3:12  Marine  
  30  3:18  SCV  
  31  3:20  SCV  
  32  3:28  Marine  
  32  3:29  Marine  
  32  3:30  Stimpack, Marine, SCV  
  36  3:35  Factory  
  36  3:36  Supply Depot  
  36  3:39  Supply Depot, SCV  
  37  3:42  SCV  
  38  3:49  Marine  
  38  3:50  Marine x2  
  38  3:51  SCV  
  38  3:54  SCV  
  43  4:02  Engineering Bay  
  43  4:04  SCV  
  43  4:07  Refinery  
  44  4:10  Supply Depot  
  44  4:13  SCV  
  45  4:17  SCV  
  45  4:19  Marine x2  
  45  4:21  Marine  
  49  4:27  Starport  
  49  4:28  Factory Reactor  
  49  4:33  Terran Infantry Weapons Level 1  
  49  4:34  SCV  
  50  4:39  SCV  
  50  4:41  Barracks Tech Lab  
  51  4:46  SCV  
  51  4:48  Barracks Reactor  
  51  4:49  Supply Depot  
  51  4:51  SCV  
  53  4:59  SCV  
  54  5:03  SCV  
  54  5:06  Barracks  
  54  5:07  Barracks  
  55  5:11  SCV  
  55  5:14  Medivac x2  
  58  5:15  SCV  
  58  5:17  Supply Depot  
  58  5:19  Marauder  
  65  5:21  Marauder  
  65  5:27  Refinery, SCV x2  
  67  5:31  Marine  
  67  5:32  Marine  
  69  5:35  Factory Reactor  
  69  5:39  Starport  
  69  5:40  Supply Depot, SCV  
  69  5:41  SCV  
  71  5:48  Marauder x2  
  75  5:53  SCV x2  
  75  5:55  Barracks Tech Lab  
  75  5:56  Barracks Reactor  
  77  5:59  Marine x2  
  79  6:09  Marauder  
  81  6:18  SCV x2  
  83  6:20  Liberator, Medivac  
  83  6:21  Medivac  
  86  6:29  Liberator  
  86  6:31  Marine x2  
  86  6:32  Marauder x3  
  93  6:43  Supply Depot  
  93  6:44  Supply Depot x2  
  93  6:45  Concussive Shells  
  96  6:50  Combat Shields  
  96  7:00  Liberator  
  93  7:13  Marauder x3, Marine x4  
  86  7:15  Liberator  
  89  7:34  Marine  
  89  7:35  Marauder x3, Marine x2  
  101  7:38  Supply Depot  
  101  7:40  Supply Depot  
  101  7:43  Supply Depot x2  
  101  7:45  Marine  
  101  7:50  Factory Reactor  
  102  7:54  Marine x3  
  102  7:56  Marauder x3  
  111  8:03  Marine  
  115  8:07  Supply Depot  
Show
View Real Time Build Order
Export as new Build Order

IIIIIIIIIIII Protoss - Winner!

Build Orders: 1 Gate Expand, Double Forge, Blink Stalkers 

Get SALT Encoding   

  12  0:00  Probe  
  13  0:13  Probe  
  14  0:18  Pylon  
  14  0:25  Probe  
  15  0:34  Probe  
  15  0:37  Gateway  
  15  0:42  Probe  
  16  0:43  Assimilator  
  17  0:51  Probe  
  18  1:03  Probe  
  19  1:15  Probe  
  20  1:25  Nexus  
  20  1:35  Probe, Cybernetics Core  
  21  1:43  Assimilator  
  21  1:47  Probe  
  21  1:50  Pylon  
  22  2:00  Probe  
  23  2:10  Probe  
  23  2:17  Stalker, Warp Gate  
  23  2:18  Probe  
  26  2:25  Twilight Council  
  26  2:26  Probe  
  26  2:33  Probe  
  26  2:34  Probe  
  27  2:41  Probe  
  27  2:42  Probe  
  27  2:44  Blink  
  31  2:51  Probe  
  31  2:52  Probe  
  33  3:03  Probe  
  33  3:04  Probe  
  35  3:14  Nexus  
  35  3:19  Probe x2  
  37  3:31  Probe x2  
  37  3:33  Gateway  
  39  3:35  Gateway  
  39  3:42  Stalker  
  39  3:43  Probe x2  
  43  3:53  Pylon  
  43  3:55  Probe  
  44  4:01  Forge  
  44  4:02  Forge  
  44  4:06  Probe, Pylon  
  44  4:07  Probe  
  46  4:14  Protoss Ground Weapons Level 1  
  46  4:15  Protoss Ground Armor Level 1  
  46  4:18  Probe  
  46  4:19  Probe  
  48  4:28  Probe  
  48  4:30  Probe  
  50  4:31  Probe  
  50  4:37  Stalker x3  
  57  4:41  Probe  
  57  4:42  Pylon, Probe  
  57  4:44  Probe  
  60  4:46  Charge  
  60  4:56  Probe  
  60  4:57  Probe  
  60  4:58  Probe  
  63  5:01  Gateway  
  63  5:03  Gateway x2  
  63  5:07  Gateway x2  
  63  5:08  Sentry  
  63  5:09  Sentry  
  63  5:10  Probe  
  63  5:11  Assimilator  
  68  5:16  Probe x2  
  68  5:21  Zealot  
  72  5:26  Pylon  
  72  5:34  Gateway  
  72  5:35  Gateway  
  72  5:36  Pylon  
  72  5:37  Zealot x2  
  72  5:40  Probe  
  77  5:45  Robotics Facility  
  77  5:49  Protoss Ground Armor Level 2, Protoss Ground Weapons Level 2  
  77  5:55  Pylon  
  77  5:59  Zealot x4  
  77  6:00  Zealot x2  
  89  6:10  Zealot x2  
  93  6:21  Pylon  
  93  6:32  Zealot x4  
  101  6:33  Stalker x4  
  109  6:42  Pylon  
  109  6:44  Shield Battery  
  109  6:46  Pylon  
  109  6:50  Pylon  
  109  6:52  Warp Prism  
  111  6:54  Pylon  
  111  6:58  Zealot x2  
  111  6:59  Zealot  
  111  7:00  Zealot x4  
  111  7:14  Zealot x3  
  113  7:19  Zealot x3  
  113  7:20  Zealot x4  
  127  7:26  Pylon  
  127  7:29  Probe  
  128  7:30  Warp Prism  
  128  7:33  Pylon  
  130  7:43  Pylon  
  130  7:55  Zealot  
  130  7:56  Zealot x8  
  132  8:24  Stalker x6  
  132  8:25  Stalker x4  
Tags
 
Add a new tag
Caveats
  • Supply blocks, unpowered buildings, or Contaminate may cause inaccurate times.
  • Supply counts are checked every 10 seconds.